cohdb
Replays
Latest Replays
All Replays
Popular Replays
Top Player Replays
Match Explorer
How It Works
Community
CoH3 Stats
Reddit
Sign in to upload your games and track your stats! →
Sign in with Steam
Match 46982995
Unlisted
Match 46982995
Overview
Messages
Build Orders
End
Kradschützen Motorcycle Team
Panzergrenadier Squad
Panzergrenadier Squad
Construct Light Support Kompanie
2.5-tonne Medical Truck
Selects Italian Infantry
Fire Support Elements
Veteran Squad Leaders
Panzerjäger Mechanized Group
Selects Guastatori Squad
Forward Retreat Point
Selects Registered Artillery
Selects Defensive Operations
Construct Panzerarmee Kommand
Panzer III L Medium Tank
Panzer III L Medium Tank
Selects Prepared Positions
Emergency Repair Kits
Panzer III L Medium Tank
Registered Artillery
ValiantHawk
jugo
AirborneAssassin
BiG Head DX
Tirant™
Tirant
0
0
Comments
sign in to comment!
No comments posted yet!